 Dungeon Crawl Stone Soup version 0.31.0-2-g5a2aebc5c2 (webtiles) character file.

Game seed: 5373699643296626498

50 stipulation the Ruffian (level 3, -4/31 HPs)
             Began as a Ghoul Monk on Jan 21, 2024.
             Slain by a gnoll
             ... wielding a +0 whip
              (5 damage)
             ... on level 2 of the Dungeon.
             The game lasted 00:00:35 (960 turns).

stipulation the Ruffian (Ghoul Monk)                 Turns: 960, Time: 00:00:36

Health: -4/31      AC:  2    Str: 16    XL:     3   Next: 79%
Magic:  3/3        EV: 12    Int:  9    God:
Gold:   112        SH:  0    Dex: 11    Spells: 2/2 levels left

rFire   . .          .
                       - Unarmed
rCold   + . .        c - orb {light}
rNeg    + + +        a - +0 robe
rPois   ∞            (no helmet)
rElec   .            (no cloak)
rCorr   .            (no gloves)
SInv    .            (no boots)
Will    +....        (no amulet)
Stlth   +            g - ring of willpower
HPRegen 0.00/turn    (no ring)
MPRegen 0.08/turn

%: no passive effects
@: inhibited regen, glowing
A: claws 1, cold resistance 1, negative energy resistance 3, inhibited
regeneration, torment resistance 2, devour on kill
a: no special abilities


You were on level 2 of the Dungeon.
You visited 1 branch of the dungeon, and saw 2 of its levels.

You collected 112 gold pieces.

Inventory:

Armour
 a - a +0 robe (worn)
 c - an orb of light (worn)
Jewellery
 g - a ring of willpower (left claw)
Scrolls
 d - a scroll of teleportation {unknown}
 e - 2 scrolls of identify {unknown}
 f - 2 scrolls of fear {unknown}
 h - a scroll of poison {unknown}
Potions
 b - a potion of ambrosia


   Skills:
 - Level 3.2 Fighting
 - Level 2.6 Dodging
 + Level 5.1 Unarmed Combat


You had 2 spell levels left.
You didn't know any spells.
Your spell library was empty.

Dungeon Overview and Level Annotations

Branches:
Dungeon (2/15)

Altars:


Innate Abilities, Weirdness & Mutations

You are immune to poison.
You have sharp fingernails.
Your flesh is cold resistant. (rC+)
You are immune to negative energy. (rN+++)
You do not regenerate when monsters are visible.
You are immune to unholy pain and torment.
You thrive by killing the living.


Message History

Things that are here:
a book of Spatial Translocations; a hobgoblin corpse The gnoll shouts!
You scratch the ball python.
The ball python is moderately wounded.
The ball python bites you. The ball python constricts you.
You claw the ball python!
You kill the ball python!
A rat comes into view.
You see here a ball python corpse.
The rat squeaks loudly.
The gnoll closely misses you.
You barely miss the gnoll. The gnoll misses you.
You scratch the gnoll.
The gnoll is moderately wounded.
You scratch the gnoll but do no damage.
The gnoll is moderately wounded.
The gnoll hits you with a +0 spear. The gnoll closely misses you. x2
You are too injured to fight recklessly!
You are too injured to fight recklessly!
You are too injured to fight recklessly!
You are too injured to fight recklessly!
There are monsters nearby!
The gnoll barely misses you.
You see here a ball python corpse.
The gnoll hits you from afar with a +0 spear.
Things that are here:
a book of Spatial Translocations; a hobgoblin corpse The gnoll attacks as it pursues you!
The gnoll barely misses you. The gnoll attacks as it pursues you!
The gnoll hits you from afar with a +0 spear.
* * * LOW HITPOINT WARNING * * *
The gnoll attacks as it pursues you! The gnoll misses you.
The gnoll completely misses you. The gnoll attacks as it pursues you!
The gnoll hits you with a +0 whip.
* * * LOW HITPOINT WARNING * * *
The gnoll attacks as it pursues you! The gnoll barely misses you.
The gnoll attacks as it pursues you! The gnoll closely misses you.
The gnoll attacks as it pursues you! The gnoll hits you with a +0 whip.
You die...

########## #.........
#......... . #.........
... #.........
....#############.........
..........=...............
.#.###....########.....###
.#.###...@### #.....#
.........g..# #.....#
#.#.#.)..#.# #...).#
#.#..gg#..# #.....###
#####.#.r..# ... #........
(...#.#....#
###.##........ #........##
#........... .#........#
#.....###### $.........#
#.....#


You could see 3 gnolls and a rat.

Vanquished Creatures
  An adder (D:2)
  3 dart slugs (D:1)
  2 endoplasms
  3 giant cockroaches (D:1)
  3 goblins (D:1)
  5 hobgoblins
  5 quokkas (D:1)
  4 ball pythons
  2 bats
  A frilled lizard (D:1)
  A kobold (D:1)
  A rat (D:1)
31 creatures vanquished.

Notes
Turn   | Place    | Note
-------+----------+-------------------------------------------
     0 | D:1      | stipulation the Ghoul Monk began the quest for the Orb.
     0 | D:1      | Reached XP level 1. HP: 19/19 MP: 1/1
    42 | D:1      | Found a faded altar of an unknown god.
   135 | D:1      | Reached XP level 2. HP: 26/26 MP: 2/2
   232 | D:1      | Reached skill level 4 in Unarmed Combat
   556 | D:1      | Reached XP level 3. HP: 31/31 MP: 3/3
   901 | D:2      | Reached skill level 5 in Unarmed Combat
   926 | D:2      | Identified the +1 mace "Roughij" {heavy, rPois Str+4
                  | Stlth-}
   956 | D:2      | HP: 1/31 [gnoll/+0 whip (4)]
   960 | D:2      | Slain by a gnoll

Illustrated notes

Levels and vault maps discovered:
D:1:      dpeg_arrival_lava_temple_mockup, layout_basic,
          ebering_ecumenical_altar_sacrificial
D:2:      layout_basic

Skill      XL: |  1  2  3 |
---------------+----------+-----
Unarmed Combat | 4 5 |  5.1
Fighting       | |  3.2
Dodging        | |  2.6

Action                     || total
---------------------------++-------
  Melee: Unarmed           ||    78
 Armour: Robe              ||    37
  Dodge: Dodged            ||    55
